 Dungeon Crawl Stone Soup version 0.21.1-1-g345015fe64 (webtiles) character file.

922 Gargoyl the Chopper (level 7, -5/60 HPs)
             Began as a Centaur Abyssal Knight on Feb 19, 2018.
             Was a Priest of Lugonu.
             Slain by Grinder (7 damage)
             ... while paralysed by Grinder
             ... on level 4 of the Dungeon.
             The game lasted 00:09:13 (5420 turns).

Gargoyl the Chopper (Centaur Abyssal Knight)        Turns: 5420, Time: 00:09:13

Health: -5/60      AC:  9    Str: 14    XL:     7   Next: 84%
Magic:  10/10      EV:  1    Int: 11    God:    Lugonu [***...]
Gold:   35         SH:  0    Dex: 11    Spells: 6/6 levels left

rFire    . . .     SeeInvis .   a - +3 hand axe
rCold    . . .     Gourm    .   (no shield)
rNeg     . . .     Faith    .   n - +0 chain mail
rPois    +         Spirit   .   l - +0 helmet
rElec    .         Reflect  .   (no cloak)
rCorr    .         Harm     .   (no gloves)
MR       .....                  (no barding)
Stlth    ..........             (no amulet)
HPRegen  0.20/turn              d - +3 ring of evasion
MPRegen  0.12/turn              k - ring of poison resistance

@: paralysed, very quick
A: large, hooves 3, deformed body, speed 2, tough skin 3
a: Depart the Abyss, Bend Space, Banish, Renounce Religion


You were on level 4 of the Dungeon.
You worshipped Lugonu.
Lugonu was most pleased with you.
You were hungry.

You visited 1 branch of the dungeon, and saw 4 of its levels.
You visited the Abyss 1 time.

You collected 235 gold pieces.
You spent 200 gold pieces at shops.

Inventory:

Hand Weapons
 a - a +3 hand axe (weapon)
Missiles
 e - 2 tomahawks (quivered)
Armour
 l - a +0 helmet (worn)
 n - a +0 chain mail (worn)
Jewellery
 d - a +3 ring of evasion (left hand)
 k - a ring of poison resistance (right hand)
Wands
 b - a wand of clouds (1)
Scrolls
 f - 2 scrolls of remove curse
 g - 2 scrolls of identify
 i - a scroll of amnesia
Comestibles
 c - 9 rations
 h - 2 chunks of flesh


   Skills:
 + Level 4.6 Fighting
 + Level 4.7 Axes
 * Level 4.1 Armour
 + Level 1.5 Dodging
 * Level 4.4 Invocations


You had 6 spell levels left.
You didn't know any spells.

Dungeon Overview and Level Annotations

Branches:
Dungeon (4/15)
 Temple: D:4-7

Altars:
Ashenzari
Cheibriados
Fedhas
Hepliaklqana
Kikubaaqudgha
Qazlal
Ru
Vehumet
Yredelemnul

Shops:
D:4 [[?:=

Annotations:
D:4 Grinder


Innate Abilities, Weirdness & Mutations

You have hooves in place of feet.
Armour fits poorly on your strangely shaped body.
You cover ground very quickly.
You have extremely tough skin. (AC +3)


Message History

Pain shoots through your body!
You see here a ring mail.
You closely miss Grinder.
Grinder is moderately wounded.
Grinder gestures at you.
You suddenly lose the ability to move!
Grinder hits you.
You writhe in agony.
Grinder gestures at you. Pain shoots through your body!
* * * LOW HITPOINT WARNING * * *
Grinder says, "Mostly I couldn't keep them alive."
Grinder hits you.
* * * LOW HITPOINT WARNING * * *
You writhe in agony.
* * * LOW HITPOINT WARNING * * *
Grinder gestures at you.
You struggle to resist.
Grinder blinks!
Grinder hits you!
You die...

#########........#
.................#
#########........#
###...[### #....#
#....# #?...#
#..5.# #.@..#
#.ยง..# #....#
#....# ######


You could see Grinder.

Vanquished Creatures
  Menkaure (D:4)
  2 ogres (D:4)
  A centaur (D:4)
  The ghost of BrokenGlass the Shield-Bearer, an amateur OpFi (D:3)
  A scorpion (D:4)
  A howler monkey (D:4)
  2 worker ants
  Terence (D:2)
  Robin (D:2)
  10 adders
  7 gnolls
  5 worms (D:3)
  A dart slug (D:1)
  5 leopard geckos
  10 orcs
  4 giant cockroaches
  15 goblins
  15 hobgoblins
  6 jackals (D:2)
  8 kobolds
  2 quokkas
  2 ball pythons (D:3)
  3 bats
  8 frilled lizards
  14 rats
126 creatures vanquished.

Vanquished Creatures (others)
  2 plants (D:3)
  3 starspawn tentacles (Abyss:1)
  6 withered plants (D:3)
11 creatures vanquished.

Grand Total: 137 creatures vanquished

Notes
Turn   | Place    | Note
-------+----------+-------------------------------------------
     0 | Abyss:1  | Gargoyl the Centaur Abyssal Knight began the quest for the Orb.
     0 | Abyss:1  | Reached XP level 1. HP: 19/19 MP: 2/2
    89 | Abyss:1  | Noticed a tentacled starspawn
   101 | Abyss:1  | Noticed an orange demon
   102 | Abyss:1  | Noticed a thrashing horror
   107 | Abyss:1  | Noticed a small abomination
   114 | D:1      | Escaped the Abyss
   377 | D:1      | Reached XP level 2. HP: 26/26 MP: 3/3
   476 | D:1      | Reached * piety under Lugonu
   760 | D:1      | Reached XP level 3. HP: 30/31 MP: 4/4
  1336 | D:2      | Reached XP level 4. HP: 40/40 MP: 6/6
  1475 | D:2      | Noticed Terence
  1481 | D:2      | Killed Terence
  1772 | D:2      | Found a snail-covered altar of Cheibriados.
  2160 | D:2      | Reached XP level 5. HP: 46/46 MP: 7/7
  2162 | D:2      | Found a hazy altar of Hepliaklqana.
  2214 | D:2      | Reached skill level 1 in Dodging
  2443 | D:2      | Noticed Robin
  2473 | D:2      | Killed Robin
  2822 | D:3      | Found a shattered altar of Ashenzari.
  2822 | D:3      | Found a radiant altar of Vehumet.
  2823 | D:3      | Reached ** piety under Lugonu
  2825 | D:3      | Found a stormy altar of Qazlal.
  2825 | D:3      | Found a sacrificial altar of Ru.
  2831 | D:3      | Found a basalt altar of Yredelemnul.
  2876 | D:3      | Noticed BrokenGlass's ghost (amateur OpFi)
  2897 | D:3      | Killed BrokenGlass's ghost
  2897 | D:3      | Reached XP level 6. HP: 51/52 MP: 8/8
  3130 | D:3      | HP: 1/52 [worm (9)]
  3937 | D:3      | Found a blossoming altar of Fedhas.
  3941 | D:3      | Found an ancient bone altar of Kikubaaqudgha.
  4278 | D:4      | Found Feesined's Armour Shop.
  4288 | D:4      | Found Wotrifot's Armour Boutique.
  4290 | D:4      | Noticed Menkaure
  4529 | D:4      | Killed Menkaure
  4529 | D:4      | Reached XP level 7. HP: 36/60 MP: 8/10
  4989 | D:4      | Found Soofar's Magic Scroll Shoppe.
  5219 | D:4      | Found Faofess's Jewellery Boutique.
  5224 | D:4      | Found Zayjucho's Book Shoppe.
  5231 | D:4      | Reached *** piety under Lugonu
  5251 | D:4      | Bought an uncursed ring of poison resistance for 200 gold pieces
  5363 | D:4      | Noticed Grinder
  5380 | D:4      | Paralysed by Grinder for 4 turns
  5414 | D:4      | Paralysed by Grinder for 7 turns
  5417 | D:4      | HP: 1/60 [Grinder (4)]
  5420 | D:4      | Slain by Grinder

Skill      XL: |  1  2  3  4  5  6  7 |
---------------+----------------------+-----
Armour         | 2 3 4 |  4.1
Axes           | 2 3 4 |  4.7
Invocations    | 3 4 |  4.4
Dodging        | 1 |  1.5
Fighting       | 4 |  4.6

Action                   |  1- 3 |  4- 6 |  7- 9 || total
-------------------------+-------+-------+-------++-------
Melee: Hand axe          |    68 |   270 |    54 ||   392
       Kick              |    14 |    52 |    12 ||    78
Invok: Depart the Abyss  |     1 |       |       ||     1
  Use: Potion            |     1 |     6 |     3 ||    10
       Scroll            |       |     7 |     3 ||    10
  Eat: Chunk             |     1 |     9 |     2 ||    12
Armor: Leather armour    |    14 |     5 |       ||    19
       Ring mail         |       |    89 |       ||    89
       Skin              |       |    13 |       ||    13
       Chain mail        |       |    10 |    11 ||    21
       Scale mail        |       |     1 |       ||     1
Dodge: Dodged            |    51 |   166 |    22 ||   239
